 Dungeon Crawl Stone Soup version 0.30-a0-459-g9104f0fc43 (webtiles) character file.

Game seed: 7599949818910351780

26 funkygono the Firebug (level 2, -2/19 HPs)
             Began as a Demonspawn Fire Elementalist on Dec 15, 2022.
             Slain by Sigmund
             ... wielding a +0 scythe
              (11 damage)
             ... on level 2 of the Dungeon.
             The game lasted 00:01:58 (1033 turns).

funkygono the Firebug (DsFE)                        Turns: 1033, Time: 00:01:58

Health: -2/19      AC:  3    Str:  8    XL:     2   Next: 89%
Magic:  5/5        EV: 12    Int: 16    God:
Gold:   36         SH:  0    Dex: 13    Spells: 2/5 levels left

rFire   . . .      SeeInvis .    g - +0 whip
rCold   . . .      Faith    .    (no shield)
rNeg    . . .      Spirit   .    e - +0 leather armour
rPois   .          Reflect  .    (no helmet)
rElec   .          Harm     .    (no cloak)
rCorr   .          Rampage  .    (no gloves)
Will    .....                    (no boots)
Stlth   +.........               (no amulet)
HPRegen 0.23/turn                (no ring)
MPRegen 0.09/turn                (no ring)

@: confused
A: sturdy frame 1
a: no special abilities


You were on level 2 of the Dungeon.
You visited 1 branch of the dungeon, and saw 2 of its levels.

You collected 36 gold pieces.

Inventory:

Hand Weapons
 d - a +0 club
 g - a +0 whip (weapon)
Armour
 a - a +0 robe
 e - a +0 leather armour (worn)
Scrolls
 c - a scroll of identify {unknown}
 f - a scroll of silence {unknown}
 h - a scroll of fear {unknown}
 i - a scroll of poison {unknown}
 l - a scroll of amnesia {unknown}
Potions
 j - a potion of haste {unknown}
 k - 2 potions of lignification {unknown}


   Skills:
 + Level 1.8 Dodging
 - Level 1.7 Stealth
 + Level 2.3 Spellcasting
 + Level 1.4 Conjurations
 + Level 3.3 Fire Magic


You had 2 spell levels left.
You knew the following spells:

 Your Spells              Type           Power      Damage    Failure   Level
a - Foxfire               Conj/Fire      36%        2x1d5     9%          1
b - Scorch                Fire           24%        2d6       9%          2

Your spell library contained the following spells:

 Spells                   Type           Power      Damage    Failure   Level
 Inner Flame              Hex/Fire       7%         N/A       32%         3
 Kindle Blastsparks       Fire/Tloc/Air  10%        2d10      38%         3
 Hailstorm                Conj/Ice       4%         3d4       43%         3
 Flame Wave               Conj/Fire      9%         2d6       63%         4
 Cause Fear               Hex            0%         N/A       91%         4
 Ice Form                 Ice/Tmut       1%         N/A       91%         4
 Simulacrum               Ice/Necr       0%         N/A       100%        6
 Discord                  Hex            0%         N/A       100%        8


Dungeon Overview and Level Annotations

Branches:
Dungeon (2/15)

Altars:

Annotations:
D:2 Sigmund


Innate Abilities, Weirdness & Mutations

Your movements are slightly less encumbered by armour. (ER -2)


Message History

Casting: Foxfire (safe; 9% risk of failure)
Confirm with . or Enter, or press ? or * to list all spells.
You conjure some foxfire!
The foxfire hits Sigmund.
Sigmund is lightly wounded.
The foxfire hits Sigmund.
Sigmund is moderately wounded.
Casting: Foxfire (safe; 9% risk of failure)
Confirm with . or Enter, or press ? or * to list all spells.
You conjure some foxfire!
The foxfire hits Sigmund.
Sigmund is moderately wounded.
A hobgoblin comes into view.
Unknown command.
Casting: Foxfire (safe; 9% risk of failure)
Confirm with . or Enter, or press ? or * to list all spells.
You don't have enough magic to cast this spell.
The foxfire hits Sigmund.
Sigmund is moderately wounded.
The foxfire hits Sigmund.
Sigmund is heavily wounded.
The foxfire hits Sigmund.
Sigmund is severely wounded.
Found 16 gold pieces.
Sigmund gestures at you while chanting. You resist with significant effort.
Sigmund gestures at you while chanting.
You are confused.
You see here a +0 dagger.
Sigmund asks, "Do you like me?"
Sigmund hits you from afar with a +0 scythe!
Ouch! That really hurt!
Magic courses through your body. Sigmund hits you with a +0 scythe.
You're too confused to cast spells.
Sorry, you're not good enough to have a special ability.
You're too confused to cast spells.
Sorry, you're not good enough to have a special ability.
Unknown command.
Okay, then.
Sigmund hits you from afar with a +0 scythe!
Ouch! That really hurt!
You die...

..P..........#
......=......#
.$....(......#
≈~...........#
~!..........##
..P..........#
P.......†@...#
P........)...#
..........g@.#
.P..........#
$#........##
##.....<##
########


You could see Sigmund and a hobgoblin.

Vanquished Creatures
  A worm (D:2)
  2 endoplasms (D:1)
  6 goblins
  3 hobgoblins (D:1)
  2 kobolds (D:1)
  3 ball pythons
  4 bats (D:1)
  2 rats (D:1)
23 creatures vanquished.

Vanquished Creatures (others)
  64 foxfires
  2 plants (D:2)
66 creatures vanquished.

Grand Total: 89 creatures vanquished

Notes
Turn   | Place    | Note
-------+----------+-------------------------------------------
     0 | D:1      | funkygono the Demonspawn Fire Elementalist began the quest
                  | for the Orb.
     0 | D:1      | Reached XP level 1. HP: 13/13 MP: 3/3
   245 | D:1      | Gained mutation: Your movements are slightly less
                  | encumbered by armour. (ER -2) [demonic ancestry]
   245 | D:1      | Reached XP level 2. HP: 19/19 MP: 3/5
   335 | D:1      | Reached skill level 3 in Fire Magic
   448 | D:1      | Learned a level 2 spell: Scorch
  1016 | D:2      | Noticed Sigmund
  1033 | D:2      | Slain by Sigmund

Illustrated notes

Levels and vault maps discovered:
D:1:      ncdulo_watergridlock, layout_loops_cross
D:2:      minmay_door_path, layout_rooms, basic_altar, st_stairs_6,
          guppyfry_early_lair_pool, uniq_sigmund, uniq_natasha, uniq_robin

Skill      XL: |  1  2 |
---------------+-------+-----
Fire Magic     | 3 |  3.3
Dodging        | |  1.8
Stealth        | |  1.7
Spellcasting   | |  2.3
Conjurations   | |  1.4

Action                   || total
-------------------------++-------
Melee: Whip              ||     1
 Cast: Foxfire           ||    37
       Scorch            ||     2
  Use: Potion            ||     1
Armor: Leather armour    ||     1
Dodge: Dodged            ||     2

Table legend: (Time is in decaauts)
 A = Elapsed time spent in this place.
 B = Non-inter-level travel time spent in this place.
 C = Inter-level travel time spent in this place.
 D = Time resting spent in this place.
 E = Time spent auto-exploring this place.
 F = Levels seen in this place.
 G = Mean time per level.
                   A        B        C        D        E       F      G
               +--------+--------+--------+--------+--------+-----+--------+
         Total |   1032 |   1019 |     13 |     46 |    810 |   2 |  516.0 |
       Dungeon |   1032 |   1019 |     13 |     46 |    810 |   2 |  516.0 |
               +--------+--------+--------+--------+--------+-----+--------+

Top non-repeatable levels by time:
     D:1: 947 daAuts
     D:2: 84 daAuts
